 Dungeon Crawl Stone Soup version 0.29-a0-371-g91724d5b39 (webtiles) character file.

Game seed: 4720490257838925349

101 Bruhh the Magician (level 5, -11/35 HPs)
             Began as a Djinni Earth Elementalist on May 3, 2022.
             Mangled by a gnoll sergeant
             ... wielding a +1 trident of protection
              (15 damage)
             ... on level 4 of the Dungeon.
             The game lasted 00:06:54 (5219 turns).

Bruhh the Magician (Djinni Earth Elementalist)      Turns: 5219, Time: 00:06:54

Health: -11/35     AC:  2    Str:  7    XL:     5   Next: 4%
Gold:   204        EV: 12    Int: 18    God:
                   SH:  0    Dex: 14

rFire   + + .      SeeInvis .   (no weapon)
rCold   x . .      Faith    .   (no shield)
rNeg    . . .      Spirit   .   b - +0 robe
rPois   ∞          Reflect  .   (no helmet)
rElec   .          Harm     .   (no cloak)
rCorr   .          Rampage  .   (no gloves)
Will    .....                   (boots unavailable)
Stlth   ++........              (no amulet)
HPRegen 0.11/turn               (no ring)
MPRegen 0.00/turn               (no ring)

@: flying
A: sickness immunity, fire resistance 2, cold vulnerability 1, float, innate
caster, HP casting, extra vitality 1
a: no special abilities


You were on level 4 of the Dungeon.
You visited 1 branch of the dungeon, and saw 4 of its levels.

You collected 204 gold pieces.

Inventory:

Missiles
 c - a throwing net
 n - 5 atropa-tipped darts
 p - 37 stones
Armour
 b - a +0 robe (worn)
 j - a +0 pair of boots
Jewellery
 e - an amulet of faith
 f - a ring of positive energy
Scrolls
 d - a scroll of amnesia {unknown}
 i - 3 scrolls of identify {unknown}
 l - a scroll of enchant weapon {unknown}
 m - 3 scrolls of vulnerability {unknown}
 o - a scroll of teleportation {unknown}
 r - a scroll of fog {unknown}
 s - a scroll of magic mapping {unknown}
 t - a scroll of immolation {unknown}
Potions
 a - 4 potions of haste {unknown}
 g - 3 potions of curing {unknown}
 h - a potion of degeneration {unknown}
 k - 2 potions of mutation {unknown}
 q - 3 potions of ambrosia {unknown}


   Skills:
 - Level 2.1 Dodging
 - Level 1.5 Stealth
 + Level 4.1 Spellcasting


You couldn't memorise any spells.
You knew the following spells:

 Your Spells              Type           Power      Damage    Failure   Level
a - Sandblast             Erth           36%        2d10      2%          1
b - Passwall              Tmut/Erth      15%        N/A       4%          2
c - Stone Arrow           Conj/Erth      36%        3d9       8%          3
d - Petrify               Tmut/Erth      18%        N/A       26%         4
e - Freeze                Ice            72%        1d9       2%          1
f - Scorch                Fire           36%        2d7       4%          2
Your spell library was empty.

Dungeon Overview and Level Annotations

Branches:
Dungeon (4/15)
 Temple: D:4-7

Altars:
Ashenzari
Dithmenos
Sif Muna

Annotations:
D:3 2 transporters, Colgate's ghost, amateur KoBr


Innate Abilities, Weirdness & Mutations

You are immune to sickness and miasma.
You are immune to poison.
Your flesh is very heat resistant. (rF++)
You are vulnerable to cold. (rC-)
You float through the air rather than walking.
You learn spells naturally, not from books.
Your magical power is your life essence.
You have superior vitality. (+4 MHP)


Message History

A gnoll sergeant is nearby!
A gnoll sergeant is nearby!
You can't see any susceptible monsters within range! (Use Z to cast anyway.) Flames lash the gnoll sergeant but do no damage.
You hear a shout! x3
The gnoll sergeant hits you from afar with a +1 trident of protection!
Flames lash the gnoll sergeant.
The gnoll sergeant is moderately wounded.
The gnoll sergeant's fire resistance burns away.
You hear a shout! x2
The gnoll sergeant completely misses you.
A gnoll comes into view. It is wielding a +0 spear.
Flames lash the gnoll sergeant but do no damage.
The gnoll sergeant barely misses you.
Flames lash the gnoll sergeant.
The gnoll sergeant is burned terribly!
The gnoll sergeant is heavily wounded.
You hear a shout!
The gnoll sergeant barely misses you.
Flames lash the gnoll.
The gnoll is lightly wounded.
The gnoll's fire resistance burns away.
The gnoll sergeant hits you from afar with a +1 trident of protection!
* * * LOW HITPOINT WARNING * * *
You are too injured to fight recklessly!
Casting: Scorch (safe; 4% risk of failure)
Confirm with . or Enter, or press ? or * to list all spells.
Flames lash the gnoll sergeant but do no damage.
* * * LOW HITPOINT WARNING * * *
The gnoll sergeant barely misses you.
Unknown command.
The gnoll is no longer more vulnerable to fire.
There is a stone staircase leading up here.
You can't go up here!
There are monsters nearby!
The gnoll sergeant hits you from afar with a +1 trident of protection.
* * * LOW HITPOINT WARNING * * *
There is a stone staircase leading up here.
You need no library to learn spells.
The gnoll sergeant hits you from afar with a +1 trident of protection!
You die...

## ....# ... #.....#
##....######....... #.#..
....#....... ##
###...####...........
..##......#>..#.........
...#.#...#..)..._..#....
#.#.##.#......g.§......#
....##.##.#....#@......#
###..........g###..#....
#..#.......g.##...##.#
#.#.............##.###
#.##.............###.#
.#.##..........g##g.#.###
#....[...........#......#
#...............g....#.#
.#....................gg#


You could see a gnoll sergeant.

Vanquished Creatures
  An adder (D:2)
  4 worms
  2 dart slugs
  An orc (D:3)
  5 ball pythons
  8 endoplasms
  3 giant cockroaches
  5 hobgoblins
  10 jackals
  5 quokkas
  6 bats
  4 frilled lizards
  3 goblins
  8 kobolds
  3 rats
68 creatures vanquished.

Notes
Turn   | Place    | Note
-------+----------+-------------------------------------------
     0 | D:1      | Bruhh the Djinni Earth Elementalist began the quest for the
                  | Orb.
     0 | D:1      | Reached XP level 1. HP: 15/15 MP: 0/0
   243 | D:1      | Reached XP level 2. HP: 4/21 MP: 0/0
   628 | D:1      | Reached skill level 3 in Spellcasting
  1137 | D:1      | Reached XP level 3. HP: 24/25 MP: 0/0
  1137 | D:1      | Learned a level 1 spell: Freeze
  2195 | D:2      | Reached XP level 4. HP: 20/31 MP: 0/0
  2829 | D:2      | HP: 1/31 [kobold/+0 whip (3)]
  2853 | D:2      | HP: 1/31 [kobold/stone (2)]
  3682 | D:2      | Found a faded altar of an unknown god.
  4155 | D:3      | Found a transporter.
  4159 | D:3      | Noticed Colgate's ghost (amateur KoBr)
  4197 | D:3      | Noticed a sky beast
  4318 | D:3      | Found a transporter.
  4362 | D:3      | Reached skill level 4 in Spellcasting
  4530 | D:3      | Found a broken altar of Ashenzari.
  5003 | D:4      | Noticed a gnoll sergeant
  5101 | D:4      | Found a shadowy altar of Dithmenos.
  5104 | D:4      | Reached XP level 5. HP: 34/35 MP: 0/0
  5104 | D:4      | Learned a level 2 spell: Scorch
  5219 | D:4      | Mangled by a gnoll sergeant

Illustrated notes

Levels and vault maps discovered:
D:1:      wander_arrival_desolate, layout_loops_corners
D:2:      layout_basic, ebering_ecumenical_altar_box, minmay_crystal_room
D:3:      layout_rooms, jmf_multi_god_temple, serial_aquarium,
          aquarium_bridge_square [aquarium_subvault_bridge,
          aquarium_subvault_wall, aquarium_subvault_window,
          aquarium_subvault_wall], aquarium_window_2, aquarium_window_fake,
          aquarium_window_corner, aquarium_view_2b, gammafunk_ghost_arena,
          guppyfry_early_lair_pool
D:4:      layout_layer_cave, grunt_dithmenos_smoke, serial_glass,
          glass_columns_a, glass_columns_a, glass_columns_b, glass_columns_b,
          glass_columns_c, glass_columns_b, glass_columns_b, glass_columns_c,
          glass_columns_c, glass_columns_a, st_stairs_12, minivault_24

Skill      XL: |  1  2  3  4 |
---------------+-------------+-----
Spellcasting   | 3 4 |  4.1
Dodging        | |  2.1
Stealth        | |  1.5

Action                   |  1- 3 |  4- 6 || total
-------------------------+-------+-------++-------
Melee: Unarmed           |    17 |     2 ||    19
Throw: Dart              |       |     2 ||     2
 Cast: Sandblast         |    46 |    46 ||    92
       Stone Arrow       |     6 |    14 ||    20
       Scorch            |       |     9 ||     9
Armor: Robe              |    15 |     4 ||    19
Dodge: Dodged            |    47 |    36 ||    83

Table legend: (Time is in decaauts)
 A = Elapsed time spent in this place.
 B = Non-inter-level travel time spent in this place.
 C = Inter-level travel time spent in this place.
 D = Time resting spent in this place.
 E = Time spent auto-exploring this place.
 F = Levels seen in this place.
 G = Mean time per level.
                   A        B        C        D        E       F      G
               +--------+--------+--------+--------+--------+-----+--------+
         Total |   5220 |   5101 |    119 |    504 |   4135 |   4 | 1305.0 |
       Dungeon |   5220 |   5101 |    119 |    504 |   4135 |   4 | 1305.0 |
               +--------+--------+--------+--------+--------+-----+--------+

Top non-repeatable levels by time:
     D:1: 2073 daAuts
     D:2: 1764 daAuts
     D:3: 1215 daAuts
     D:4: 167 daAuts
